 Dungeon Crawl Stone Soup version 0.19.4-9-g45fd643 (webtiles) character file.

89335 Rrauwl the Protected (level 15, -7/98 HPs)
             Began as a Gargoyle Fighter on Feb 18, 2017.
             Was the Champion of Nemelex Xobeh.
             Killed by Lee's Rapid Deconstruction
             ... invoked by a deep troll earth mage
             ... summoned by a boggart
              (34 damage)
             ... on level 1 of the Depths on Feb 19, 2017.
             The game lasted 03:12:36 (22400 turns).

Rrauwl the Protected (Gargoyle Fighter)            Turns: 22400, Time: 03:12:39

Health: -7/98      AC: 34    Str: 33    XL:     15   Next: 97%
Magic:  21/21      EV: 13    Int:  5    God:    Nemelex Xobeh [******]
Gold:   891        SH: 17    Dex: 10    Spells: 0 memorised, 14 levels left

rFire  + + +     SeeInvis .     E - +4 flail (protect)
rCold  . . .     Gourm    +     j - +0 fire dragon scales
rNeg   + + .     Faith    .     c - +3 shield
rPois  ∞         Spirit   .     i - +1 hat
rElec  +         Reflect  .     m - +1 cloak
rCorr  .         Harm     .     Y - +2 pair of gloves {Str+3}
MR     +++..                    q - +2 pair of boots
Stlth  ++........               o - amulet of the gourmand
                                e - ring "Veepib" {rC+ rN+}
                                a - ring of the Stag {MR+ Str+7}

@: flying
A: big wings, claws 1, dopey 2, fire resistance 1, magic resistance 1, negative
energy resistance 1, sense surroundings 1, regeneration 1, electricity
resistance, weak 1, wild magic 1, unbreathing, petrification resistance, rot
immunity, MP-powered wands, AC +11
a: Stop Flying, Triple Draw, Deal Four, Stack Five, Renounce Religion


You were on level 1 of the Depths.
You worshipped Nemelex Xobeh.
Nemelex Xobeh was exalted by your worship.
You were very full.

You visited 3 branches of the dungeon, and saw 22 of its levels.
You also visited: Ice Cave.

You collected 1443 gold pieces.
You spent 552 gold pieces at shops.

Inventory:

Hand Weapons
 E - a +4 flail of protection (weapon)
Armour
 c - a +3 shield (worn)
 i - a +1 hat (worn)
 j - +0 fire dragon scales (worn)
 m - a +1 cloak (worn)
 q - a +2 pair of boots (worn)
 Y - a +2 pair of gloves of strength (worn)
Jewellery
 a - the ring of the Stag (left hand) {MR+ Str+7}
   (You found it on level 8 of the Dungeon)

   [ring of protection from magic]

   It affects your strength (+7).
   It affects your resistance to hostile enchantments.
 e - the ring "Veepib" (right hand) {rC+ rN+}
   (You bought it in a shop on level 9 of the Dungeon)

   [ring of positive energy]

   It protects you from cold.
   It protects you from negative energy.
 o - an amulet of the gourmand (around neck)
Wands
 b - a wand of iceblast (7/15)
 t - a wand of lightning (8/15)
 v - a wand of heal wounds (3/9)
 w - a wand of disintegration (8/24)
 D - a wand of lightning (6/15)
 L - a wand of teleportation (4/9)
 Q - a wand of digging (17/24)
 Z - a wand of hasting (4/9)
Scrolls
 h - a scroll of summoning
 l - 10 scrolls of teleportation
 n - 13 scrolls of identify
 p - a scroll of fog
 u - 3 scrolls of blinking
 y - 5 scrolls of remove curse
 F - 3 scrolls of silence
 S - a scroll of fear
Potions
 d - 4 potions of might
 k - a potion of heal wounds
 P - 2 potions of haste
Books
 x - the Disquisition on Shape Shifting and Orientation
   (You found it on level 1 of the Depths)

   Spells                             Type                      Level
   a - Passwall                       Transmutation/Earth          2
   b - Gell's Gravitas                Hexes/Translocation          3
   c - Teleport Other                 Translocation                3
   d - Irradiate                      Conjuration/Transmutation    5
   e - Dragon Form                    Transmutation                7
Miscellaneous
 f - an ornate deck of destruction {drawn: 3}
 z - a legendary deck of destruction {drawn: 1}
 C - a legendary deck of escape {drawn: 1}
Comestibles
 r - 9 chunks of flesh
 s - a slice of pizza
 K - 11 beef jerkies


   Skills:
 + Level 13.1 Fighting
 + Level 12.6 Maces & Flails
 + Level 13.3 Armour
 + Level 7.8 Dodging
 - Level 8.0 Stealth
 + Level 12.4 Shields
 - Level 8.0 Invocations
 - Level 7.1 Evocations


You had 14 spell levels left.
You didn't know any spells.

Dungeon Overview and Level Annotations

Branches:
Dungeon (15/15)            Temple (0/1) D:7            Lair (6/6) D:11
 Shoals (0/4) Lair:3        Snake (0/4) Lair:4        Slime (0/5) Lair:5
    Orc (0/2) D:11         Vaults (0/5) D:13         Depths (1/5) D:15

Altars:
Ashenzari
Cheibriados
Dithmenos
Elyvilon
Fedhas
Kikubaaqudgha
Nemelex Xobeh
Qazlal
Trog
Uskayaw
Xom
Yredelemnul

Shops:
D:9 =   D:12 *   Depths:1 }

Portals:
Hell: Depths:1

Annotations:
Depths:1 Jorgrun


Innate Abilities, Weirdness & Mutations

You are resistant to torment.
Your stone body is resilient. (AC +11)
You are immune to poison.
Your large and strong wings let you fly indefinitely.
You resist negative energy. (rN+)
You are resistant to electric shocks. (rElec)
You can survive without breathing.
You are immune to petrification.
You are immune to rotting.
You have sharp fingernails.
You are very dopey. (Int -4)
Your flesh is heat resistant. (rF+)
You are resistant to hostile enchantments. (MR+)
You passively map a small area around you.
Your natural rate of healing is unusually fast.
You are weak. (Str -2)
Your spells are a little harder to cast, but a little more powerful.
You expend magic power (3 MP) to strengthen your wands.


Message History

The deep troll earth mage seems to slow down.
The yaktaur seems to slow down.
The deep troll seems to slow down.
The deep troll shaman seems to slow down.
The deep troll earth mage seems to slow down.
The brown ugly thing barely misses you.
The deep troll earth mage casts a spell at you.
You shatter!
* * * LOW HITPOINT WARNING * * *
You hear a grinding noise.
The fire giant is no longer moving slowly.
The brown ugly thing is no longer moving slowly.
You hear a grinding noise.
The white ugly thing basks in the mutagenic energy from its kin and changes!
The deep troll earth mage is no longer moving slowly.
The yaktaur wields an arbalest.
The yaktaur shoots a bolt.
The bolt hits you but does no damage.
The bolt dissolves into shadows!
The deep troll earth mage casts a spell at you.
You shatter!
You die...
Your body glows slightly and disappears.

#.# * , , ., #.# ####, ..
#)#######.J## * ...
#..)........##. ....
#........C+[.Q#.# ...u.
#.).......##Cu.g.uJ..u.
##.).....u.###cTC'.uTg..
#..............Tu#......
##..#.#...@.....T........
###..#...#........u........
.......∩......#######......
###..#...#....# #+#### *
##..#.#.....# *
#.......#### **,
#####......## #...........#
D #O..........# *


You could see a fire giant, 3 ugly things, an ettin, a slime creature, a deep
troll, a deep troll earth mage, a deep troll shaman, a yaktaur and a boggart.

Vanquished Creatures
  Gastronok (Lair:1)
  A frost giant (Depths:1)
  2 fire dragons
  Snorg (D:12)
  A yaktaur captain (D:15)
  4 vault guards (D:13)
  8 hydras
  4 centaur warriors
  A queen ant (shapeshifter) (Depths:1)
  2 deep troll shamans (Depths:1)
  A tengu warrior (Depths:1)
  An ogre mage (Depths:1)
  The ghost of Laauton the Cleaver, a novice GrBe of Trog (D:8)
  A fire crab (Lair:4)
  3 skeletal warriors (D:13)
  A death drake (Lair:6)
  3 unseen horrors
  3 deep trolls (Depths:1)
  5 hill giants
  An orc knight (D:15)
  A wizard (Depths:1)
  A necromancer (IceCv)
  A harpy (shapeshifter) (D:13)
  A mana viper (Lair:6)
  A wolf spider zombie (D:14)
  A lindwurm (Lair:6)
  3 manticores
  A deep elf mage (D:15)
  A moth of wrath (shapeshifter) (Depths:1)
  3 cyclopes
  18 ugly things
  A torpor snail (Lair:2)
  2 elephants (Lair:6)
  Joseph (D:7)
  2 molten gargoyles (Lair:6)
  5 black mambas
  12 spiny frogs
  A guardian serpent (Lair:6)
  An ice statue (IceCv)
  4 komodo dragons
  A rime drake (Lair:4)
  2 yaktaurs
  2 tengu conjurers (D:14)
  10 freezing wraiths (IceCv)
  2 trolls (D:15)
  2 polar bears
  3 two-headed ogres
  A meliai (D:13)
  5 hornets
  8 blink frogs
  2 slime creatures (Depths:1)
  9 hippogriffs
  3 dream sheep (Lair:5)
  A redback (D:14)
  A wraith (D:13)
  30 yaks
  A vampire (D:12)
  A wyvern (Lair:5)
  4 vampire mosquitoes (D:13)
  4 basilisks
  A hungry ghost (D:15)
  A death yak simulacrum (IceCv)
  A mottled dragon (Lair:6)
  2 nagas (Lair:4)
  3 hell hounds (Lair:6)
  10 water moccasins
  9 porcupines
  8 orc warriors
  3 sky beasts
  7 ice beasts
  3 necrophages
  10 ogres
  12 centaurs
  12 crocodiles
  A big kobold (D:11)
  12 bullfrogs
  A gnoll sergeant (D:9)
  A scorpion (D:10)
  A wyvern skeleton (D:7)
  An elephant simulacrum (IceCv)
  A water moccasin skeleton (D:6)
  12 killer bees
  6 wights
  2 electric eels
  5 crimson imps
  3 howler monkeys (D:13)
  A lava snake (Lair:6)
  4 centaur zombies
  A quasit (D:15)
  4 draconian simulacra (IceCv)
  2 orc priests
  3 bullfrog zombies
  9 hounds
  6 jellies
  A bullfrog skeleton (D:10)
  A gnoll shaman (D:10)
  2 centaur skeletons
  7 orc wizards
  4 iguanas
  4 troll simulacra (IceCv)
  15 worker ants
  2 spriggan simulacra (IceCv)
  5 centaur simulacra
  3 hound zombies
  3 hound skeletons
  A mummy (D:12)
  A howler monkey zombie (D:7)
  12 adders
  21 gnolls
  A worker ant zombie (D:10)
  3 naga simulacra (IceCv)
  3 ogre simulacra (IceCv)
  3 river rats (D:11)
  3 shadow imps
  12 white imps (IceCv)
  2 adder skeletons
  3 worms
  2 dart slugs
  4 leopard geckos
  26 orcs
  8 bats
  6 giant cockroaches
  6 goblins
  13 hobgoblins
  4 jackals (D:2)
  10 kobolds
  4 quokkas
  A ball python (D:6)
  6 frilled lizards
  4 rats
  2 fungi (D:12)
  A plant (Lair:6)
565 creatures vanquished.

Vanquished Creatures (collateral kills)
  A fire dragon (Lair:6)
  2 hydras
  Maurice (D:13)
  A molten gargoyle (Lair:6)
  2 black mambas (Lair:6)
  2 spiny frogs (Lair:4)
  3 komodo dragons (Lair:6)
  3 blink frogs (Lair:4)
  4 dream sheep (Lair:5)
  2 slime creatures
  3 wyverns (Lair:6)
  3 yaks
  A mottled dragon (Lair:6)
  A naga (Lair:4)
  A hell hound (Lair:6)
  2 porcupines (Lair:5)
  A sky beast (D:6)
  Duvessa (D:7)
  8 centaurs
  A crocodile (Lair:6)
  A bullfrog (Lair:4)
  Dowan (D:7)
  4 wights (D:7)
  A hound (D:13)
  5 jellies
  An iguana (D:6)
  A worker ant (D:14)
  2 wolf simulacra (IceCv)
  A leopard gecko (D:6)
60 creatures vanquished.

Vanquished Creatures (others)
  Pikel (D:7)
  A komodo dragon (Lair:6)
  A basilisk (Lair:6)
  3 slaves (D:7)
  An ogre (Depths:1)
  A phantom (D:8)
  2 lava snakes (Lair:6)
  An orc wizard (D:9)
  2 ball lightnings (Lair:6)
  3 bushes (D:11)
  7 fungi
  14 plants
37 creatures vanquished.

Grand Total: 662 creatures vanquished

Notes
Turn   | Place    | Note
-------+----------+-------------------------------------------
     0 | D:1      | Rrauwl the Gargoyle Fighter began the quest for the Orb.
     0 | D:1      | Reached XP level 1. HP: 14/14 MP: 1/1
   138 | D:1      | Reached XP level 2. HP: 19/19 MP: 2/2
   562 | D:1      | Reached XP level 3. HP: 23/23 MP: 3/3
   729 | D:2      | Found a snail-covered altar of Cheibriados.
   972 | D:2      | Reached XP level 4. HP: 28/28 MP: 4/4
  1836 | D:3      | Found an ancient bone altar of Kikubaaqudgha.
  1945 | D:3      | Reached XP level 5. HP: 32/32 MP: 5/5
  2642 | D:4      | Found a white marble altar of Elyvilon.
  2792 | D:4      | Found a sparkling altar of Nemelex Xobeh.
  2808 | D:4      | Reached skill level 1 in Dodging
  2808 | D:4      | Reached XP level 6. HP: 38/38 MP: 6/6
  2835 | D:4      | Became a worshipper of Nemelex Xobeh the Trickster
  2841 | D:4      | Received a gift from Nemelex Xobeh
  3180 | D:4      | Reached skill level 1 in Invocations
  3327 | D:4      | Reached skill level 5 in Armour
  3366 | D:5      | Entered Level 5 of the Dungeon
  3376 | D:5      | Reached XP level 7. HP: 34/43 MP: 6/8
  3420 | D:5      | Found a hide-covered altar of Uskayaw.
  3420 | D:5      | Noticed a hand axe
  3421 | D:5      | Noticed a hand axe
  3430 | D:5      | Found a basalt altar of Yredelemnul.
  3959 | D:5      | Found Vupuiful's Elemental Accessories.
  3968 | D:5      | Reached skill level 5 in Maces & Flails
  4018 | D:5      | You fall through a shaft!
  4027 | D:6      | Gained mutation: Your skin changes colour to match your surroundings (Stealth+). [mutagenic meat]
  4028 | D:6      | Gained mutation: Your mind is acute. (Int +2) [mutagenic meat]
  4029 | D:6      | Gained mutation: You have sharp toenails. [mutagenic meat]
  4096 | D:6      | Found a sand-covered staircase.
  4375 | D:6      | Reached skill level 1 in Evocations
  4485 | D:6      | Found a shadowy altar of Dithmenos.
  4493 | D:6      | Reached XP level 8. HP: 47/48 MP: 9/9
  4509 | D:6      | Reached * piety under Nemelex Xobeh
  4597 | D:6      | Reached skill level 5 in Fighting
  4648 | D:6      | Received a gift from Nemelex Xobeh
  5089 | D:7      | Found a staircase to the Ecumenical Temple.
  5103 | D:7      | Noticed Pikel
  5108 | D:7      | Killed Pikel
  5108 | D:7      | Reached skill level 5 in Shields
  5108 | D:7      | Reached XP level 9. HP: 55/55 MP: 10/12
  5165 | D:7      | Found a shattered altar of Ashenzari.
  5167 | D:7      | Found a stormy altar of Qazlal.
  5168 | D:7      | Found a blossoming altar of Fedhas.
  5170 | D:7      | Found a shimmering altar of Xom.
  5255 | D:7      | Noticed Duvessa
  5256 | D:7      | Noticed Dowan
  5263 | D:7      | Killed Duvessa
  5268 | D:7      | Killed Dowan
  5474 | D:7      | Gained mutation: You tend to lose your temper in combat. [potion of mutation]
  5474 | D:7      | Gained mutation: You have a pair of small antennae on your head. [potion of mutation]
  5525 | D:7      | Received a gift from Nemelex Xobeh
  5563 | D:7      | Reached ** piety under Nemelex Xobeh
  5684 | D:7      | Noticed Joseph
  5708 | D:7      | Killed Joseph
  5805 | D:7      | Lost mutation: Your skin changes colour to match your surroundings (Stealth+). [potion of cure mutation]
  5805 | D:7      | Lost mutation: Your mind is acute. (Int +2) [potion of cure mutation]
  5805 | D:7      | Lost mutation: You have a pair of small antennae on your head. [potion of cure mutation]
  5805 | D:7      | Lost mutation: You have sharp toenails. [potion of cure mutation]
  5805 | D:7      | Lost mutation: You tend to lose your temper in combat. [potion of cure mutation]
  5807 | D:7      | Gained mutation: You are agile. (Dex +2) [potion of mutation]
  5807 | D:7      | Gained mutation: You are weak. (Str -2) [potion of mutation]
  5807 | D:7      | Gained mutation: You are robust. (+10% HP) [potion of mutation]
  6069 | D:8      | Received a gift from Nemelex Xobeh
  6078 | D:8      | Noticed Laauton's ghost (novice GrBe)
  6124 | D:8      | Killed Laauton's ghost
  6124 | D:8      | Reached skill level 5 in Invocations
  6142 | D:8      | Reached XP level 10. HP: 16/67 MP: 14/14
  6223 | D:8      | Reached skill level 5 in Evocations
  6223 | D:8      | Reached XP level 11. HP: 48/75 MP: 15/15
  6504 | D:8      | Lost mutation: You are robust. (+10% HP) [potion of mutation]
  6504 | D:8      | Gained mutation: You expend magic power (3 MP) to strengthen your wands. [potion of mutation]
  6504 | D:8      | Gained mutation: You are resistant to hostile enchantments. (MR+) [potion of mutation]
  6506 | D:8      | Got an ancient glass ring
  6507 | D:8      | Identified the ring of the Stag {MR+ Str+7} (You found it on level 8 of the Dungeon)
  7112 | D:9      | Found a bloodstained altar of Trog.
  7118 | D:9      | Found Ymoil's Jewellery Boutique.
  7181 | D:9      | Bought the ring "Veepib" {rC+ rN+} for 442 gold pieces
  7181 | D:9      | Bought a cursed amulet of inaccuracy for 26 gold pieces
  7181 | D:9      | Bought a cursed ring of teleportation for 58 gold pieces
  7181 | D:9      | Bought a cursed -2 ring of intelligence for 26 gold pieces
  7194 | D:9      | Got a bloodstained dagger
  7195 | D:9      | Identified the +5 dagger "Killer Klown's Bane" {pain, rN++ Stlth-} (You found it on level 9 of the Dungeon)
  7385 | D:9      | Found a sparkling altar of Nemelex Xobeh.
  7396 | D:9      | Received a gift from Nemelex Xobeh
  7879 | D:9      | Reached *** piety under Nemelex Xobeh
  7918 | D:10     | Entered Level 10 of the Dungeon
  8143 | D:10     | Got a shimmering ring mail
  8154 | D:10     | Identified the cursed +0 ring mail of Chimes {*Corrode Str+6 Int+4} (You found it on level 10 of the Dungeon)
  8220 | D:10     | Received a gift from Nemelex Xobeh
  8921 | D:11     | Noticed a hill giant
  8924 | D:11     | Killed a hill giant
  8938 | D:11     | Found a frozen archway.
  8957 | IceCv    | Entered an ice cave
  9048 | IceCv    | Reached **** piety under Nemelex Xobeh
  9399 | IceCv    | Reached skill level 10 in Armour
  9424 | IceCv    | Reached XP level 12. HP: 28/76 MP: 17/17
  9662 | IceCv    | Received a gift from Nemelex Xobeh
  9741 | IceCv    | Found an ancient bone altar of Kikubaaqudgha.
 10602 | D:11     | Reached skill level 10 in Fighting
 10638 | D:11     | Found a staircase to the Lair.
 10766 | D:11     | Found a staircase to the Orcish Mines.
 10785 | D:11     | Gained mutation: Scrolls take you a little longer to read. [potion of mutation]
 10785 | D:11     | Gained mutation: You are dopey. (Int -2) [potion of mutation]
 11343 | Lair:1   | Entered Level 1 of the Lair of Beasts
 11408 | Lair:1   | Reached skill level 1 in Stealth
 11422 | Lair:1   | Noticed Gastronok
 11427 | Lair:1   | Reached skill level 10 in Maces & Flails
 11444 | Lair:1   | Killed Gastronok
 11484 | Lair:1   | Noticed a seven-headed hydra
 11491 | Lair:1   | Noticed a fire dragon
 11491 | Lair:1   | a seven-headed hydra changed into a fire dragon
 11503 | Lair:1   | Killed a fire dragon
 11646 | Lair:1   | Received a gift from Nemelex Xobeh
 12001 | Lair:1   | Reached XP level 13. HP: 67/83 MP: 18/18
 12186 | Lair:2   | Received a gift from Nemelex Xobeh
 12358 | Lair:2   | Received a gift from Nemelex Xobeh
 13058 | Lair:3   | Received a gift from Nemelex Xobeh
 13086 | Lair:3   | Reached ***** piety under Nemelex Xobeh
 13338 | Lair:3   | Found a staircase to the Shoals.
 13363 | Lair:3   | Received a gift from Nemelex Xobeh
 13974 | Lair:4   | Reached skill level 10 in Shields
 14116 | Lair:4   | Received a gift from Nemelex Xobeh
 14403 | Lair:4   | Found a staircase to the Snake Pit.
 14415 | Lair:4   | Reached skill level 5 in Stealth
 14713 | Lair:4   | Received a gift from Nemelex Xobeh
 15250 | Lair:5   | Reached skill level 5 in Dodging
 15498 | Lair:5   | Received a gift from Nemelex Xobeh
 15588 | Lair:5   | Found a staircase to the Slime Pits.
 16002 | Lair:6   | Entered Level 6 of the Lair of Beasts
 16241 | Lair:6   | Paralysed by a Zot trap for 5 turns
 16344 | Lair:6   | Gained mutation: Your large and strong wings let you fly indefinitely. [Gargoyle growth]
 16344 | Lair:6   | Reached XP level 14. HP: 90/90 MP: 20/20
 16461 | Lair:6   | Found a large runed door.
 16461 | Lair:6   | Found a large runed door.
 17181 | Lair:6   | Received a gift from Nemelex Xobeh
 17798 | D:12     | Noticed Snorg
 18030 | D:12     | Killed Snorg
 18468 | D:12     | Found Buamiust's Assorted Antiques.
 18972 | D:13     | Got an encrusted great sword {freeze}
 18978 | D:13     | Identified the cursed +0 great sword "Ruhigomp" {freeze, +Blink rElec Int+2} (You took it off a centaur on level 13 of the Dungeon)
 19085 | D:13     | Reached XP level 15. HP: 69/96 MP: 21/21
 19357 | D:13     | Found a gate to the Vaults.
 19461 | D:13     | Noticed Maurice
 19473 | D:13     | Killed Maurice
 19635 | D:13     | Lost mutation: Scrolls take you a little longer to read. [mutagenic meat]
 19637 | D:13     | Gained mutation: Armour fits poorly on your strangely shaped body. [mutagenic meat]
 19768 | D:14     | Gained mutation: You have supernaturally acute eyesight. (SInv) [potion of beneficial mutation]
 19985 | D:14     | Received a gift from Nemelex Xobeh
 20114 | D:14     | Reached ****** piety under Nemelex Xobeh
 20387 | D:14     | Lost mutation: You are resistant to hostile enchantments. (MR+) [mutagenic meat]
 20388 | D:14     | Gained mutation: You are resistant to hostile enchantments. (MR+) [mutagenic meat]
 20390 | D:14     | Gained mutation: You passively map a small area around you. [mutagenic meat]
 20391 | D:14     | Lost mutation: You have supernaturally acute eyesight. (SInv) [mutagenic meat]
 20392 | D:14     | Gained mutation: Your flesh is heat resistant. (rF+) [mutagenic meat]
 20645 | D:15     | Entered Level 15 of the Dungeon
 20768 | D:15     | Gained mutation: You have sharp fingernails. [mutagenic meat]
 20769 | D:15     | Gained mutation: You possess an exceptional clarity of mind. [mutagenic meat]
 20772 | D:15     | Gained mutation: You are very dopey. (Int -4) [mutagenic meat]
 20773 | D:15     | Lost mutation: You possess an exceptional clarity of mind. [mutagenic meat]
 20783 | D:15     | Received a gift from Nemelex Xobeh
 21680 | D:15     | Found a staircase to the Depths.
 21824 | Depths:1 | Entered Level 1 of the Depths
 21910 | Depths:1 | Gained mutation: Your natural rate of healing is unusually fast. [mutagenic meat]
 21912 | Depths:1 | Lost mutation: You are agile. (Dex +2) [mutagenic meat]
 21914 | Depths:1 | Lost mutation: Armour fits poorly on your strangely shaped body. [mutagenic meat]
 21915 | Depths:1 | Gained mutation: Your spells are a little harder to cast, but a little more powerful. [mutagenic meat]
 22123 | Depths:1 | Found Tenekyel's Quality Used Wands.
 22131 | Depths:1 | Noticed a frost giant
 22175 | Depths:1 | Noticed Jorgrun
 22179 | Depths:1 | Found a gateway to Hell.
 22297 | Depths:1 | Killed a frost giant
 22317 | Depths:1 | Identified the Disquisition on Shape Shifting and Orientation
 22372 | Depths:1 | Noticed a fire giant
 22400 | Depths:1 | Killed from afar by a deep troll earth mage

Skill      XL: |  1  2  3  4  5  6  7  8  9 10 11 12 13 14 15 |
---------------+----------------------------------------------+-----
Maces & Flails | 3 4 5 6 7 8 9 10 11 12 | 12.6
Armour         | 4 5 6 7 9 10 11 12 13 | 13.3
Dodging        | 1 2 3 4 5 6 7 |  7.8
Fighting       | 4 5 6 8 9 10 11 12 13 | 13.1
Invocations    | 1 2 4 5 6 7 8 |  8.0
Shields        | 4 5 6 7 8 9 10 11 12 | 12.4
Evocations     | 1 2 3 5 6 7 |  7.1
Stealth        | 3 5 8 |  8.0

Action                   |  1- 3 |  4- 6 |  7- 9 | 10-12 | 13-15 || total
-------------------------+-------+-------+-------+-------+-------++-------
Melee: Flail             |   167 |   305 |       |   719 |  1620 ||  2811
       Mace              |       |    14 |   302 |   115 |       ||   431
 Abil: Fly               |       |       |       |       |     8 ||     8
       Stop Flying       |       |       |       |       |     7 ||     7
Evoke: Deck              |       |     1 |    29 |     7 |    46 ||    83
       Wand              |       |       |       |    27 |    17 ||    44
  Use: Scroll            |       |     2 |    14 |    13 |    12 ||    41
       Potion            |       |     2 |     8 |     6 |     7 ||    23
 Stab: Distracted        |       |       |       |       |     3 ||     3
       Petrified         |       |       |       |       |    15 ||    15
  Eat: Chunk             |     1 |     7 |     9 |    27 |    63 ||   107
       Beef jerky        |       |     1 |     1 |     1 |       ||     3
       Fruit             |       |       |     2 |       |       ||     2
Armor: Scale mail        |     8 |       |       |       |       ||     8
       Plate armour      |    93 |   220 |   167 |   376 |   739 ||  1595
       Ring mail         |       |       |     6 |       |       ||     6
       Skin              |       |       |       |    15 |       ||    15
       Fire dragon scale |       |       |       |       |     7 ||     7
Dodge: Dodged            |    24 |    44 |    46 |   184 |   403 ||   701
Block: Shield            |    96 |   131 |   148 |   623 |   948 ||  1946
